[ AOE2 MATCH · #473318557 ]
UnrankedEthiopians vs Malay
Player's team · LOSS
Rival team · WIN
[ REPLAY ANALYSIS · EXTRACTED FROM THE RECORDED GAME ]
Feudal
9:16
Castle
20:34
Imperial
37:35
| APM avg | 23.7 |
| APM peak | 48 |
| eAPM avg | 17.2 |
| Villagers / military | 193 / 524 |
Focus
⚔️ 36.4% · 🌾 63.6%
Archer ×219 · Scout Cavalry ×195 · Knight ×49 · Battering Ram ×29 · Trebuchet (Packed) ×21 · Spearman ×6
Feudal
11:27
Castle
18:46
Imperial
34:34
| APM avg | 39.2 |
| APM peak | 112 |
| eAPM avg | 24.5 |
| Villagers / military | 180 / 907 |
Focus
⚔️ 64.3% · 🌾 35.7%
Spearman ×413 · Skirmisher ×344 · Karambit Warrior ×106 · Mangonel ×26 · Bombard Cannon ×10 · Trebuchet (Packed) ×7
Match map
Initial resources + every placement click. Lines = walls · curves = elevation contours. ◆ gold · ⬟ stone · ● berries · ✦ relic · ◌ wall gap
Your base· ✓ Closed at 20:34 · 4t walls · 1 gate(s)
Maxi's base· Open — 4t gap
Smoothed initial terrain · ◌ = detected wall gap · hover for details
Inputs per minute
— Sonni - - Maxi
Build order — Sonni
First 150 of 649 actions detected
| 0:01 | Create | Villager (Male) ×4 |
| 0:02 | Build | House |
| 0:05 | Build | House |
| 1:33 | Create | Villager (Male) |
| 1:34 | Create | Villager (Male) |
| 1:51 | Build | Lumber Camp |
| 2:01 | Create | Villager (Male) |
| 2:01 | Create | Villager (Male) |
| 2:09 | Create | Villager (Male) |
| 2:10 | Create | Villager (Male) |
| 2:51 | Create | Villager (Male) |
| 2:52 | Create | Villager (Male) |
| 2:52 | Create | Villager (Male) |
| 2:52 | Create | Villager (Male) |
| 3:36 | Create | Villager (Male) |
| 3:36 | Create | Villager (Male) |
| 3:47 | Build | House |
| 4:11 | Create | Villager (Male) |
| 4:11 | Create | Villager (Male) |
| 4:12 | Create | Villager (Male) |
| 4:31 | Build | Mill |
| 4:47 | Create | Villager (Male) |
| 4:48 | Create | Villager (Male) |
| 4:48 | Create | Villager (Male) |
| 5:37 | Create | Villager (Male) |
| 6:01 | Create | Villager (Male) |
| 6:05 | Research | Loom |
| 6:29 | Build | Barracks |
| 7:05 | Research | Feudal Age |
| 7:31 | Build | House |
| 7:47 | Build | Mining Camp |
| 8:05 | Create | Militia |
| 8:05 | Create | Militia |
| 8:05 | Create | Militia |
| 8:09 | Build | Palisade Wall |
| 8:11 | Build | Palisade Gate |
| 8:58 | Build | House |
| 9:13 | Create | Militia |
| 9:16 | Age | Feudal Age |
| 9:20 | Build | Archery Range |
| 9:22 | Build | House |
| 9:26 | Create | Villager (Male) |
| 9:26 | Create | Villager (Male) |
| 9:27 | Create | Villager (Male) |
| 9:27 | Create | Villager (Male) |
| 9:34 | Build | House |
| 9:49 | Research | Man-at-Arms (upgrade) |
| 10:11 | Create | Archer |
| 10:11 | Create | Archer |
| 10:19 | Create | Villager (Male) |
| 10:20 | Create | Villager (Male) |
| 10:25 | Build | House |
| 11:20 | Create | Archer |
| 11:22 | Create | Villager (Male) |
| 11:30 | Build | Blacksmith |
| 12:16 | Create | Villager (Male) |
| 12:19 | Create | Archer |
| 13:02 | Research | Fletching |
| 13:04 | Create | Archer |
| 13:05 | Create | Villager (Male) |
| 13:08 | Build | House |
| 13:51 | Create | Villager (Male) |
| 13:54 | Create | Archer |
| 14:00 | Build | Market |
| 14:23 | Create | Villager (Male) |
| 15:03 | Create | Villager (Male) |
| 15:12 | Create | Archer |
| 15:15 | Build | Farm |
| 15:18 | Build | House |
| 15:20 | Build | House |
| 15:23 | Create | Villager (Male) |
| 15:27 | Create | Archer |
| 16:25 | Build | Farm |
| 16:26 | Build | Farm |
| 16:28 | Create | Villager (Male) |
| 16:42 | Build | House |
| 16:49 | Create | Villager (Male) |
| 17:54 | Research | Castle Age |
| 18:18 | Research | Horse Collar |
| 18:28 | Build | Farm |
| 18:40 | Build | Farm |
| 18:47 | Build | Farm |
| 19:15 | Create | Archer |
| 19:15 | Create | Archer |
| 19:32 | Build | Farm |
| 19:39 | Build | Farm |
| 19:55 | Research | Padded Archer Armor |
| 20:19 | Create | Archer |
| 20:27 | Create | Villager (Male) |
| 20:30 | Create | Archer |
| 20:34 | Age | Castle Age |
| 20:38 | Research | Crossbowman (upgrade) |
| 20:53 | Build | Siege Workshop |
| 20:54 | Build | Archery Range |
| 20:58 | Create | Villager (Male) |
| 21:38 | Build | Farm |
| 21:40 | Create | Villager (Male) |
| 21:40 | Create | Villager (Male) |
| 22:21 | Create | Mangonel |
| 22:28 | Research | Bodkin Arrow |
| 22:32 | Build | Farm |
| 22:36 | Build | House |
| 22:59 | Build | Town Center |
| 23:05 | Create | Archer |
| 23:06 | Create | Archer |
| 23:31 | Create | Villager (Male) |
| 23:31 | Create | Villager (Male) |
| 23:51 | Create | Villager (Male) |
| 23:57 | Create | Archer |
| 23:58 | Create | Archer |
| 24:22 | Build | Farm |
| 24:58 | Create | Villager (Male) |
| 24:58 | Create | Villager (Male) |
| 25:23 | Create | Villager (Male) |
| 25:24 | Create | Villager (Male) |
| 25:29 | Create | Battering Ram |
| 25:40 | Build | Farm |
| 25:43 | Build | Farm |
| 25:45 | Create | Villager (Male) |
| 25:45 | Create | Villager (Male) |
| 25:56 | Build | Barracks |
| 26:04 | Create | Spearman |
| 26:04 | Create | Spearman |
| 26:08 | Create | Battering Ram |
| 26:13 | Create | Archer |
| 26:13 | Create | Archer |
| 26:36 | Create | Villager (Male) |
| 26:36 | Create | Villager (Male) |
| 26:39 | Research | Double-Bit Axe |
| 26:40 | Research | Heavy Plow |
| 26:50 | Build | Farm |
| 27:19 | Build | Town Center |
| 27:26 | Create | Villager (Male) |
| 27:26 | Create | Villager (Male) |
| 27:29 | Create | Archer |
| 27:30 | Create | Archer |
| 27:49 | Build | House |
| 28:16 | Create | Villager (Male) |
| 28:18 | Create | Villager (Male) |
| 28:21 | Build | Farm |
| 28:35 | Create | Villager (Male) |
| 29:33 | Create | Villager (Male) |
| 29:33 | Create | Villager (Male) |
| 29:34 | Create | Villager (Male) |
| 29:34 | Create | Villager (Male) |
| 29:51 | Build | Castle |
| 29:55 | Create | Battering Ram |
| 29:57 | Create | Archer |
| 29:57 | Create | Archer |
| 30:05 | Create | Spearman |
Build order — Maxi
First 150 of 1343 actions detected
| 0:01 | Create | Villager (Male) |
| 0:01 | Create | Villager (Male) |
| 0:02 | Build | House |
| 0:04 | Build | House |
| 0:33 | Create | Villager (Male) |
| 0:33 | Create | Villager (Male) |
| 0:33 | Create | Villager (Male) |
| 1:47 | Build | Palisade Wall |
| 2:00 | Create | Villager (Male) |
| 2:01 | Create | Villager (Male) |
| 2:01 | Create | Villager (Male) |
| 2:33 | Build | Palisade Gate |
| 2:48 | Create | Villager (Male) |
| 2:48 | Create | Villager (Male) |
| 3:34 | Build | Lumber Camp |
| 3:36 | Create | Villager (Male) |
| 3:36 | Create | Villager (Male) |
| 3:36 | Create | Villager (Male) |
| 4:40 | Create | Villager (Male) |
| 4:40 | Create | Villager (Male) |
| 4:40 | Create | Villager (Male) |
| 5:14 | Build | House |
| 5:38 | Research | Loom |
| 6:01 | Create | Villager (Male) |
| 6:02 | Create | Villager (Male) |
| 6:02 | Create | Villager (Male) |
| 7:09 | Build | Mill |
| 7:39 | Create | Villager (Male) |
| 7:41 | Create | Villager (Male) |
| 7:45 | Build | House |
| 8:11 | Create | Villager (Male) |
| 8:11 | Create | Villager (Male) |
| 8:13 | Create | Villager (Male) |
| 8:17 | Create | Villager (Male) |
| 8:35 | Build | Farm |
| 8:39 | Build | Farm |
| 9:50 | Build | Mining Camp |
| 9:57 | Research | Feudal Age |
| 10:09 | Build | House |
| 10:11 | Build | House |
| 10:53 | Create | Villager (Male) |
| 10:53 | Create | Villager (Male) |
| 11:17 | Build | House |
| 11:19 | Build | House |
| 11:21 | Build | House |
| 11:22 | Build | House |
| 11:27 | Age | Feudal Age |
| 11:39 | Build | House |
| 11:40 | Build | House |
| 11:46 | Build | House |
| 11:51 | Build | House |
| 11:55 | Build | Palisade Wall |
| 12:18 | Build | Blacksmith |
| 12:44 | Create | Villager (Male) |
| 12:51 | Build | Mining Camp |
| 13:00 | Build | Farm |
| 13:14 | Build | House |
| 13:16 | Build | Palisade Wall |
| 13:56 | Build | Watch Tower |
| 14:03 | Build | House |
| 14:12 | Create | Villager (Male) |
| 14:12 | Create | Villager (Male) |
| 14:59 | Build | Watch Tower |
| 15:06 | Create | Villager (Male) |
| 15:24 | Build | Market |
| 15:26 | Create | Villager (Male) |
| 16:10 | Create | Villager (Male) |
| 17:10 | Research | Castle Age |
| 17:45 | Build | Farm |
| 17:46 | Build | Farm |
| 17:48 | Build | Farm |
| 18:03 | Build | Farm |
| 18:18 | Build | Farm |
| 18:46 | Age | Castle Age |
| 18:47 | Create | Villager (Male) |
| 18:47 | Create | Villager (Male) |
| 19:01 | Build | Siege Workshop |
| 19:18 | Create | Villager (Male) |
| 19:18 | Create | Villager (Male) |
| 19:18 | Create | Villager (Male) |
| 20:16 | Research | Double-Bit Axe |
| 20:22 | Create | Villager (Male) |
| 20:45 | Build | Town Center |
| 20:52 | Create | Villager (Male) |
| 21:22 | Create | Villager (Male) |
| 21:23 | Create | Villager (Male) |
| 21:46 | Research | Bow Saw |
| 21:54 | Create | Villager (Male) |
| 22:11 | Create | Villager (Male) |
| 22:16 | Create | Villager (Male) |
| 22:34 | Build | Castle |
| 22:42 | Create | Villager (Male) |
| 22:42 | Create | Villager (Male) |
| 23:25 | Create | Mangonel |
| 23:27 | Create | Mangonel |
| 23:50 | Build | Castle |
| 24:02 | Create | Villager (Male) |
| 24:02 | Create | Villager (Male) |
| 24:03 | Create | Villager (Male) |
| 24:03 | Create | Villager (Male) |
| 25:30 | Create | Villager (Male) |
| 25:31 | Create | Villager (Male) |
| 25:40 | Build | Mill |
| 25:42 | Build | Farm |
| 25:43 | Build | Farm |
| 25:43 | Build | Farm |
| 25:43 | Build | Farm |
| 25:43 | Build | Farm |
| 25:44 | Build | Farm |
| 25:44 | Build | Farm |
| 25:44 | Build | Farm |
| 25:44 | Build | Farm |
| 25:45 | Build | Farm |
| 25:45 | Build | Farm |
| 25:45 | Build | Farm |
| 25:45 | Build | Farm |
| 25:46 | Build | Farm |
| 25:46 | Build | Farm |
| 25:46 | Build | Farm |
| 25:47 | Build | Farm |
| 25:47 | Build | Farm |
| 25:47 | Build | Farm |
| 25:47 | Build | Farm |
| 26:03 | Build | Farm |
| 26:14 | Create | Villager (Male) |
| 26:14 | Create | Villager (Male) |
| 26:15 | Create | Villager (Male) |
| 26:28 | Build | Town Center |
| 26:43 | Create | Villager (Male) |
| 26:43 | Create | Villager (Male) |
| 26:43 | Create | Villager (Male) |
| 27:02 | Create | Villager (Male) |
| 27:02 | Create | Villager (Male) |
| 27:16 | Create | Villager (Male) |
| 27:16 | Create | Villager (Male) |
| 27:16 | Create | Villager (Male) |
| 27:19 | Create | Villager (Male) |
| 27:33 | Create | Villager (Male) |
| 27:33 | Create | Villager (Male) |
| 27:39 | Create | Villager (Male) |
| 27:40 | Create | Villager (Male) |
| 27:40 | Create | Villager (Male) |
| 27:49 | Build | Mill |
| 27:53 | Create | Villager (Male) |
| 28:06 | Research | Horse Collar |
| 28:19 | Create | Villager (Male) |
| 28:19 | Create | Villager (Male) |
| 28:19 | Create | Villager (Male) |
| 28:30 | Create | Mangonel |
| 28:32 | Create | Villager (Male) |
Match timeline
| 1:47 | Maxi · wall_segment Palisade Wall x13 |
| 6:29 | Sonni · first_building Barracks |
| 8:09 | Sonni · wall_segment Palisade Wall x4 |
| 9:16 | Sonni · age_up feudal |
| 9:20 | Sonni · first_building Archery Range |
| 11:27 | Maxi · age_up feudal |
| 11:55 | Maxi · wall_segment Palisade Wall x1 |
| 13:16 | Maxi · wall_segment Palisade Wall x1 |
| 16:32 | Sonni · first_market_sell 500 stone |
| 16:36 | Sonni · first_market_buy 500 food |
| 16:49 | Maxi · first_market_buy 100 food |
| 16:57 | Maxi · first_market_sell 100 stone |
| 18:46 | Maxi · age_up castle |
| 19:01 | Maxi · first_building Siege Workshop |
| 20:34 | Sonni · age_up castle |
| 20:53 | Sonni · first_building Siege Workshop |
| 22:34 | Maxi · first_building Castle |
| 29:51 | Sonni · first_building Castle |
| 32:03 | Maxi · first_building Monastery |
| 34:34 | Maxi · age_up imperial |
| 36:26 | Sonni · first_building Stable |
| 37:35 | Sonni · age_up imperial |
| 40:50 | Maxi · first_building Barracks |
| 41:31 | Maxi · first_building Archery Range |
| 45:59 | Maxi · wall_segment Stone Wall x16 |
| 79:34 | Sonni · resign |
[ AI ANALYSIS · 1 CREDIT ]
What really happened in this match?
Wolo.gg analyzes every decision: build order, eco, micro, common mistakes by bracket. Personalized analysis on WhatsApp or Discord in 30 seconds.
Civ guide
Ethiopians
Perfil
Jugador #11716640